Map: Incorporeal LE

Players

HuoZup

  • Race: Zerg Zerg
  • League: Master
  • Spawn Location: 11:00

Burrz - Winner!

  • Race: Terran Terran
  • League: Gold
  • Spawn Location: 5:00

VOD

Have the link to the VOD?

Description

Time

  • Played on: Sept. 26, 2025, 11:27 a.m.
  • Length: 5:58
Show
View Real Time Build Order
Export as new Build Order

HuoZup Zerg 

Build Orders: Hatch First 

Get SALT Encoding   

  12  0:00  Drone  
  13  0:08  Drone  
  14  0:16  Overlord  
  14  0:35  Drone x3  
  17  0:53  Hatchery  
  16  1:07  Spawning Pool  
  16  1:11  Extractor  
  14  1:12  Drone  
  14  1:16  Drone  
  16  1:21  Drone  
  17  1:54  Zergling x2, Queen  
  18  1:55  Drone x2  
  18  1:58  Extractor  
  21  2:05  Queen  
  23  2:11  Overlord  
  23  2:27  Metabolic Boost  
  23  2:34  Drone x2  
  23  2:35  Drone  
  26  2:44  Lair  
  26  2:55  Drone x2  
  28  3:00  Drone  
  28  3:04  Overlord  
  29  3:12  Drone x2  
  31  3:16  Drone  
  31  3:19  Zergling x2  
  32  3:31  Roach Warren  
  31  3:38  Evolution Chamber  
  30  3:43  Spire  
  30  3:46  Extractor  
  28  3:48  Drone  
  28  3:49  Drone  
  28  3:52  Drone  
  28  3:54  Drone  
  32  4:01  Overlord  
  32  4:13  Glial Reconstitution  
  32  4:15  Drone  
  32  4:16  Drone x2  
  35  4:38  Overlord  
  35  4:50  Queen  
  36  4:54  Overlord x2  
  36  4:56  Queen  
  36  4:59  Roach x3  
  44  5:05  Overseer  
  44  5:13  Overseer  
  44  5:14  Roach  
  44  5:15  Roach x2  
  44  5:20  Roach  
Show
View Real Time Build Order
Export as new Build Order

Burrz Terran - Winner!

Build Orders:  

Get SALT Encoding   

  12  0:00  SCV  
  13  0:12  SCV  
  14  0:20  Supply Depot  
  14  0:24  SCV  
  15  0:31  Refinery  
  15  0:41  SCV  
  16  0:46  Barracks  
  16  0:54  SCV  
  17  1:06  SCV  
  18  1:18  SCV  
  19  1:19  Supply Depot  
  19  1:21  Refinery  
  19  1:30  SCV  
  20  1:36  Marine  
  21  1:42  SCV  
  22  1:47  Factory  
  22  1:54  SCV  
  22  2:01  Marine  
  24  2:11  SCV  
  25  2:19  Marine  
  25  2:24  SCV  
  26  2:33  Supply Depot  
  26  2:36  Starport  
  26  2:38  Widow Mine  
  26  2:40  Starport  
  26  2:42  SCV  
  28  2:55  SCV  
  28  2:56  Marine  
  29  3:00  Widow Mine  
  31  3:07  SCV  
  32  3:14  Viking  
  34  3:22  Supply Depot  
  34  3:26  Marine  
  35  3:28  SCV  
  36  3:38  Viking  
  38  3:58  Starport Reactor  
  38  4:00  SCV  
  39  4:06  Supply Depot  
  39  4:11  Liberator  
  39  4:12  SCV  
  39  4:15  Marine  
  44  4:24  SCV  
  45  4:32  Marine  
  46  4:38  Liberator  
  46  4:42  Liberator  
Tags
 
Matchup
TvZ
Spawn Locations
Cross Positions
Add a new tag
Caveats
  • Supply blocks, unpowered buildings, or Contaminate may cause inaccurate times.
  • Supply counts are checked every 10 seconds.